 Dungeon Crawl Stone Soup version 0.25.1-9-gc5326a611f (webtiles) character file.

Game seed: 7286677860391637463

15032 Johnny the Thaumaturge (level 11, -8/74 HPs)
             Began as a Deep Elf Earth Elementalist on Mar 14, 2021.
             Was a High Priest of Dithmenos.
             Mangled by a wolf spider simulacrum (13 damage)
             ... on level 13 of the Dungeon.
             The game lasted 00:20:18 (16176 turns).

Johnny the Thaumaturge (DEEE)                      Turns: 16176, Time: 00:20:19

Health: -8/74      AC: 12    Str:  8    XL:     11   Next: 96%
Magic:  9/29       EV: 12    Int: 27    God:    Dithmenos [*****.]
Gold:   884        SH:  0    Dex: 15    Spells: 17/35 levels left

rFire    . . .     SeeInvis .   c - staff of earth
rCold    . . .     Gourm    .   (no shield)
rNeg     . . .     Faith    .   K - +4 troll leather armour
rPois    .         Spirit   .   u - +0 helmet of the Tick {*Slow rElec Regen+ Stlth+} (curse)
rElec    +         Reflect  .   (no cloak)
rCorr    .         Harm     .   k - +2 pair of gloves {Str+3}
MR       ++++.                  (no boots)
Stlth    +++++.....             E - amulet of regeneration
HPRegen  1.42/turn              e - ring of protection from magic
MPRegen  0.21/turn              F - ring of the Mage {Wiz MR++ Int+3}

@: barbed spikes, wreathed by umbra
A: no striking features
a: Shadow Step, Shadow Form, Renounce Religion


You were on level 13 of the Dungeon.
You worshipped Dithmenos.
Dithmenos was extremely pleased with you.
You were not hungry.

You visited 2 branches of the dungeon, and saw 14 of its levels.
You also visited: Sewer and Ossuary.

You collected 891 gold pieces.
You spent 7 gold pieces at shops.

Inventory:

Hand Weapons
 y - the +6 spear of the Feather {drain, Int+2}
   (You found it on level 4 of the Dungeon)

   A truly terrible weapon, it drains the life of those it strikes.
   It affects your intelligence (+2).
Missiles
 b - 120 stones (quivered)
Armour
 k - a +2 pair of gloves of strength (worn)
 m - a +2 leather armour of magic resistance
 u - the cursed +0 helmet of the Tick (worn) {*Slow rElec Regen+ Stlth+}
   (You found it on level 4 of the Dungeon)

   It insulates you from electricity.
   It increases your rate of regeneration.
   It may slow you when you take damage.
   It makes you more stealthy.
   It has a curse placed upon it.
 K - a +4 troll leather armour (worn)
Magical Staves
 c - an uncursed staff of earth (weapon)
 Q - an uncursed staff of wizardry
Jewellery
 e - a ring of protection from magic (left hand)
 E - an amulet of regeneration (around neck)
 F - the ring of the Mage (right hand) {Wiz MR++ Int+3}
   (You found it on level 12 of the Dungeon)

   [ring of wizardry]

   It improves your spell success rate.
   It affects your intelligence (+3).
   It affects your resistance to hostile enchantments.
 P - an uncursed amulet of magic regeneration {unknown}
Wands
 g - a wand of clouds (2)
 h - a wand of digging (1)
 z - a wand of random effects (33)
 C - a wand of polymorph (15)
 G - a wand of paralysis (5)
Scrolls
 a - 9 scrolls of remove curse
 j - 2 scrolls of amnesia
 l - 4 scrolls of magic mapping
 o - 3 scrolls of fog
 p - 3 scrolls of blinking
 q - 8 scrolls of teleportation
 s - a scroll of torment {unknown}
 D - 2 scrolls of summoning {unknown}
 H - a scroll of holy word {unknown}
 L - a scroll of acquirement {unknown}
 R - a scroll of immolation {unknown}
Potions
 i - 5 potions of lignification
 n - 2 potions of ambrosia
 r - 2 potions of heal wounds
 t - a potion of brilliance {unknown}
 v - 3 potions of might
 w - 10 potions of curing
 x - a potion of flight
 A - 4 potions of haste
 B - 2 potions of mutation
 J - a potion of invisibility
Miscellaneous
 I - a lightning rod (inert)
Comestibles
 d - 23 rations


   Skills:
 * Level 11.5 Fighting
 - Level 2.4 Dodging
 - Level 2.4 Stealth
 + Level 12.7 Spellcasting
 - Level 1.1 Transmutations
 + Level 11.1 Earth Magic


You had 17 spell levels left.
You knew the following spells:

 Your Spells              Type           Power        Failure   Level  Hunger
a - Sandblast             Erth           ######       1%          1    None
b - Stone Arrow           Conj/Erth      ######       1%          3    None
c - Lee's Rapid Deconstr  Erth           #######...   1%          5    ##.....
d - Petrify               Tmut/Erth      ######..     1%          4    None
e - Agony                 Necr           ###.....     45%         5    ##.....

Your spell library contained the following spells:

 Spells                   Type           Power        Failure   Level  Hunger
 Animate Skeleton         Necr           N/A          1%          1    None
 Magic Dart               Conj           ###.         1%          1    None
 Pain                     Necr           ###.         1%          1    None
 Passwall                 Tmut/Erth      ######..     1%          2    None
 Searing Ray              Conj           ###...       2%          2    None
 Dazzling Flash           Conj/Hex       ###...       6%          3    None
 Vampiric Draining        Necr           ###.......   6%          3    None
 Animate Dead             Necr           N/A          19%         4    None
 Fulminant Prism          Conj/Hex       ###.......   19%         4    None
 Iskenderun's Mystic Bla  Conj/Tloc      ###.....     19%         4    None


Dungeon Overview and Level Annotations

Branches:
Dungeon (13/15)            Temple (1/1) D:4            Lair (0/6) D:9
    Orc (0/2) D:10          Sewer (visited)         Ossuary (visited)
 Vaults: D:13-14

Altars:
Ashenzari
Cheibriados
Dithmenos
Elyvilon
Fedhas
Gozag
Hepliaklqana
Kikubaaqudgha
Makhleb
Nemelex Xobeh
Okawaru
Qazlal
Ru
Sif Muna
Trog
Uskayaw
Vehumet
Wu Jian
Xom
Yredelemnul
Zin
The Shining One
Lugonu

Shops:
D:7 *

Portals:
Ice
Cave: D:13

Annotations:
D:6 2 transporters, Doot's ghost, novice GnWz


Message History

The barbs in your skin will harm you if you move.
Continue?
Uppercase [Y]es or [N]o only, please.
The barbs in your skin will harm you if you move.
Continue?
The barbed spikes dig painfully into your body as you move.
A hornet comes into view.
The barbed spikes dig painfully into your body as you move.
The barbed spikes dig painfully into your body as you move.
The white imp gestures at you.
The puff of frost hits you but does no damage.
The white imp gestures at you. The puff of frost hits you!
There is a frozen archway here.
Unknown command.
The wolf spider simulacrum hits you.
The wolf spider simulacrum freezes you!!
* * * LOW HITPOINT WARNING * * *
The wolf spider simulacrum bites you.
* * * LOW HITPOINT WARNING * * *
The wolf spider simulacrum freezes you!
You die...

*#.................,,,,,**
*#........,*,,,
########...,,,,***,,
*...,*,,,*,,,
*,#.,*,,,,,,,
*,,,,,,,,,,,,
*,,,,*,,,,,,,


You could see a manticore, a yak, a hornet (wandering), 4 white imps and a wolf
spider simulacrum.

Vanquished Creatures
  2 centaur warriors
  A two-headed ogre (D:9)
  2 obsidian statues (D:12)
  An ugly thing (D:8)
  A cyclops (D:11)
  2 manticores
  Joseph (D:8)
  A komodo dragon (D:9)
  A polar bear (D:13)
  2 trolls
  3 hippogriffs
  A meliai zombie (D:10)
  A shadow (D:11)
  A wyvern (D:11)
  2 wraiths
  A spriggan (D:7)
  Grum (D:10)
  8 yaks
  A fire bat (D:7)
  2 vampires
  A hungry ghost (D:12)
  A steam dragon (D:9)
  2 wargs
  An acid dragon (D:12)
  A water moccasin (D:12)
  7 orc warriors
  2 sky beasts
  3 ice beasts
  A necrophage (D:12)
  A phantom (D:5)
  7 ogres
  3 wolves
  4 centaurs
  A crocodile (D:10)
  7 big kobolds
  4 bullfrogs
  2 scorpions
  11 wights
  4 howler monkeys
  A vampire bat (D:7)
  7 electric eels
  7 crimson imps
  A bullfrog zombie (D:9)
  2 centaur zombies
  2 quasits
  2 bullfrog skeletons
  2 jellies
  A human zombie (Ossuary)
  5 hounds
  12 orc wizards
  3 orc priests
  2 iguanas
  7 worker ants
  A hound skeleton (D:4)
  2 mummies (Ossuary)
  15 adders
  4 gnolls (D:3)
  2 howler monkey skeletons (D:5)
  A river rat (Sewer)
  5 shadow imps
  9 white imps (D:13)
  3 ufetubi
  6 oozes
  An adder zombie (Ossuary)
  5 worms
  A dart slug (D:3)
  9 leopard geckos
  52 orcs
  5 bat zombies (D:7)
  5 giant cockroaches
  5 goblins
  2 hobgoblins (D:1)
  2 jackals (D:9)
  5 quokkas
  7 ball pythons
  3 bats
  11 frilled lizards
  13 hobgoblin zombies (Ossuary)
  3 jackal zombies
  25 kobolds
  9 kobold zombies (Ossuary)
  A leopard gecko skeleton (D:5)
  8 orc zombies (Ossuary)
  10 rats
  A rat zombie (Ossuary)
383 creatures vanquished.

Vanquished Creatures (others)
  2 orcs (D:6)
  A plant (D:9)
3 creatures vanquished.

Grand Total: 386 creatures vanquished

Notes
Turn   | Place    | Note
-------+----------+-------------------------------------------
     0 | D:1      | Johnny the Deep Elf Earth Elementalist began the quest for
                  | the Orb.
     0 | D:1      | Reached XP level 1. HP: 10/10 MP: 6/6
   547 | D:1      | Reached XP level 2. HP: 11/16 MP: 4/8
   674 | D:1      | Reached skill level 1 in Fighting
  1871 | D:2      | Reached XP level 3. HP: 9/20 MP: 8/10
  2427 | D:3      | Noticed a centaur
  2902 | D:3      | Reached XP level 4. HP: 25/26 MP: 5/11
  3008 | D:3      | Reached skill level 4 in Spellcasting
  3245 | D:4      | Found a glowing drain.
  3258 | Sewer    | Entered a sewer
  3447 | Sewer    | Noticed a big kobold
  3455 | Sewer    | Killed a big kobold
  3455 | Sewer    | Reached XP level 5. HP: 32/32 MP: 7/14
  3606 | Sewer    | Reached XP level 6. HP: 35/37 MP: 10/15
  3611 | Sewer    | Reached skill level 5 in Spellcasting
  3809 | Sewer    | Reached skill level 5 in Earth Magic
  4411 | D:4      | Reached XP level 7. HP: 31/43 MP: 4/17
  4495 | D:4      | Got a distressingly furry helmet
  4501 | D:4      | Identified the cursed +0 helmet of the Tick {*Slow rElec
                  | Regen+ Stlth+} (You found it on level 4 of the Dungeon)
  4516 | D:4      | Learned a level 3 spell: Stone Arrow
  4557 | D:4      | Found a staircase to the Ecumenical Temple.
  4570 | Temple   | Entered the Ecumenical Temple
  4655 | Temple   | Became a worshipper of Dithmenos the Shadowed
  4916 | D:4      | Got a steaming spear
  4917 | D:4      | Identified the +6 spear of the Feather {drain, Int+2} (You
                  | found it on level 4 of the Dungeon)
  5370 | D:3      | Reached skill level 6 in Spellcasting
  5736 | D:5      | Entered Level 5 of the Dungeon
  5771 | D:5      | Found a sand-covered staircase.
  5783 | Ossuary  | Entered an ossuary
  5804 | Ossuary  | Reached * piety under Dithmenos
  5936 | Ossuary  | Reached ** piety under Dithmenos
  5960 | Ossuary  | Reached skill level 5 in Fighting
  6237 | D:5      | Learned a level 5 spell: Lee's Rapid Deconstruction
  6242 | D:5      | Learned a level 4 spell: Petrify
  6364 | D:5      | Reached XP level 8. HP: 38/49 MP: 4/20
  6546 | D:5      | Reached skill level 7 in Spellcasting
  7276 | D:6      | Found a burning altar of Makhleb.
  7530 | D:6      | Reached *** piety under Dithmenos
  7675 | D:6      | Found a faded altar of an unknown god.
  7675 | D:6      | Found a shimmering blue altar of Sif Muna.
  7680 | D:6      | Found a shattered altar of Ashenzari.
  7682 | D:6      | Found an opulent altar of Gozag.
  7684 | D:6      | Found a bloodstained altar of Trog.
  7757 | D:6      | Reached skill level 8 in Spellcasting
  7868 | D:6      | Found a transporter.
  7872 | D:6      | Found a transporter.
  7982 | D:6      | Noticed Doot's ghost (novice GnWz)
  8202 | D:7      | Reached XP level 9. HP: 56/56 MP: 6/23
  8526 | D:7      | Found Otzankin's General Store.
  8556 | D:7      | Bought 6 stones for 7 gold pieces
  8648 | D:7      | Found an ancient bone altar of Kikubaaqudgha.
  8755 | D:7      | Found a radiant altar of Vehumet.
  8850 | D:7      | Found a stormy altar of Qazlal.
  9425 | D:8      | Found an ornate altar of the Wu Jian Council.
  9485 | D:8      | Reached skill level 9 in Spellcasting
  9506 | D:8      | Noticed a cyan ugly thing
  9519 | D:8      | Killed a cyan ugly thing
  9707 | D:8      | Found a hazy altar of Hepliaklqana.
  9761 | D:8      | Reached **** piety under Dithmenos
  9847 | D:8      | Found a white marble altar of Elyvilon.
  9847 | D:8      | Found a glowing golden altar of the Shining One.
 10179 | D:8      | Found a snail-covered altar of Cheibriados.
 10220 | D:8      | Noticed Joseph
 10229 | D:8      | Killed Joseph
 10229 | D:8      | Reached XP level 10. HP: 57/65 MP: 1/25
 10455 | D:9      | Reached skill level 10 in Spellcasting
 11154 | D:9      | Found a staircase to the Lair.
 11269 | D:9      | Found a sacrificial altar of Ru.
 11490 | D:9      | Noticed a two-headed ogre
 11495 | D:9      | Killed a two-headed ogre
 11561 | D:9      | Noticed a +0 dagger
 11561 | D:9      | Noticed a +0 dagger
 11563 | D:9      | Found a hide-covered altar of Uskayaw.
 11585 | D:9      | Found a sparkling altar of Nemelex Xobeh.
 11836 | D:10     | Entered Level 10 of the Dungeon
 12256 | D:10     | Found a staircase to the Orcish Mines.
 12279 | D:10     | Reached skill level 11 in Spellcasting
 12318 | D:10     | Reached skill level 10 in Fighting
 12496 | D:10     | Noticed Grum
 12504 | D:10     | Killed Grum
 12596 | D:10     | Reached XP level 11. HP: 67/72 MP: 6/28
 13350 | D:11     | Reached skill level 10 in Earth Magic
 13423 | D:11     | Reached ***** piety under Dithmenos
 13426 | D:11     | Noticed a centaur warrior
 13428 | D:11     | Killed a centaur warrior
 14324 | D:11     | Reached skill level 12 in Spellcasting
 15441 | D:12     | Found the ring of the Mage {Wiz MR++ Int+3}
 15441 | D:12     | Noticed an obsidian statue
 15441 | D:12     | Noticed an obsidian statue
 15444 | D:12     | Noticed a soul eater
 15444 | D:12     | Killed an obsidian statue
 15447 | D:12     | Killed an obsidian statue
 15866 | D:12     | Noticed a centaur warrior
 15873 | D:12     | Killed a centaur warrior
 15984 | D:12     | Learned a level 5 spell: Agony
 16014 | D:13     | Noticed a centaur warrior
 16099 | D:13     | Noticed a deep elf mage
 16164 | D:13     | Found a frozen archway.
 16176 | D:13     | Mangled by a wolf spider simulacrum

Illustrated notes

Levels and vault maps discovered:
D:1:      dpeg_arrival_rhombus, layout_basic
D:2:      layout_rooms, first_ration, minmay_bisected
D:3:      layout_rooms, minivault_25
D:4:      layout_gridville, minmay_temple_entry_drinking_statues,
          gup_sewer_entry_pipe
D:5:      layout_gridville, nicolae_ossuary_entry_monument
D:6:      layout_cave_pods, chequers_temple_overflow_minitemple,
          marbit_many_paths, gammafunk_ghost_hive, grunt_ministairs_8
D:7:      layout_basic, kennysheep_vampire_church, vehumet_crystals,
          basic_altar, serial_shops, nicolae_shop_window_shopping,
          minmay_misc_feat_iff, the_bakery
D:8:      layout_loops_ring, cheibrodos_worm_habitat,
          amethyst_overflow_temple_binary, overflow_temple_1_default,
          overflow_temple_1_default, uniq_joseph
D:9:      layout_basic, nemelex_xobeh_ov_fountains_minmay,
          nicolae_ru_great_annihilating_truth, dancing_weapons_uskayaw,
          david_lair_shrubbed
D:10:     layout_basic, david_orc_2, uniq_grum
D:11:     layout_loops_ring, small_chamber_with_monster, minmay_misc_feat_chi
D:12:     layout_basic, serial_bayou, serial_bayou_shore_a, serial_bayou_pond_e,
          serial_bayou_shore_b, serial_bayou_pond_a, david_greed
D:13:     layout_big_octagon, lightli_vaults_fourway_checkpoint, serial_shops,
          shop_coins, serial_ice, serial_ice_f, serial_ice_h, serial_ice_i,
          serial_ice_a, serial_ice_b, serial_ice_n, serial_ice_e,
          portal_ice_cave_entry_imps, gammafunk_ghost_abyssal_escape, drop_trap
Temple:   corrupted_temple

Skill      XL: |  1  2  3  4  5  6  7  8  9 10 11 |
---------------+----------------------------------+-----
Fighting       | 1 2 3 4 5 6 8 10 11 | 11.5
Spellcasting   | 4 5 6 8 9 11 12 | 12.7
Earth Magic    | 4 5 6 7 8 9 11 | 11.1
Dodging        | |  2.4
Stealth        | |  2.4
Transmutations | |  1.1

Action                   |  1- 3 |  4- 6 |  7- 9 | 10-12 || total
-------------------------+-------+-------+-------+-------++-------
Melee: Dagger            |   101 |     1 |     6 |       ||   108
       Spear             |       |       |   298 |     5 ||   303
       Staff             |       |       |       |   141 ||   141
 Cast: Sandblast         |    29 |    87 |    46 |    98 ||   260
       Stone Arrow       |       |       |    55 |   148 ||   203
       Lee's Rapid Decon |       |       |     8 |    13 ||    21
       Petrify           |       |       |     4 |       ||     4
Evoke: Wand              |       |       |    22 |    14 ||    36
       Lightning rod     |       |       |       |     7 ||     7
  Use: Scroll            |       |       |    15 |    10 ||    25
       Potion            |       |       |     1 |     1 ||     2
 Stab: Sleeping          |     3 |       |    22 |     2 ||    27
       Petrified         |       |       |     4 |       ||     4
       Distracted        |       |       |       |     1 ||     1
       Paralysed         |       |       |       |     1 ||     1
  Eat: Chunk             |     5 |     6 |    16 |    19 ||    46
       Ration            |       |       |     1 |     1 ||     2
Armor: Robe              |    33 |       |    72 |     1 ||   106
       Skin              |       |       |     2 |       ||     2
       Leather armour    |       |       |       |    31 ||    31
       Troll leather arm |       |       |       |    99 ||    99
Dodge: Dodged            |    92 |    19 |   240 |   258 ||   609
